Map: Dusk Towers

Players

HeavyFresh - Winner!

  • Race: Terran Terran
  • League: Master

Jason

  • Race: Terran Terran
  • League: Grandmaster

VOD

Have the link to the VOD?

Description

Time

  • Played on: Dec. 14, 2015, 9:05 p.m.
  • Length: 8:56
Show
View Real Time Build Order
Export as new Build Order

HeavyFresh Terran - Winner!

Build Orders: 1/1/1, MMM Bio 

Get SALT Encoding   

  12  0:01  SCV  
  13  0:13  SCV  
  14  0:18  Supply Depot  
  14  0:26  SCV  
  15  0:36  Refinery  
  15  0:39  SCV  
  16  0:45  Barracks  
  16  0:51  SCV  
  17  1:03  SCV  
  18  1:16  SCV  
  19  1:32  Orbital Command  
  19  1:37  Marine  
  20  1:42  Factory  
  20  1:45  Refinery  
  20  1:47  Supply Depot  
  20  1:56  Marine  
  20  1:58  SCV  
  22  2:10  SCV  
  22  2:15  Marine  
  24  2:19  Supply Depot  
  24  2:25  SCV  
  24  2:26  Factory Tech Lab  
  24  2:28  Starport  
  25  2:35  Marine  
  26  2:37  SCV  
  27  2:45  Siege Tank  
  27  2:49  SCV  
  31  2:53  Marine  
  31  2:55  Supply Depot  
  32  3:01  SCV  
  32  3:04  Medivac  
  35  3:15  Marine  
  35  3:17  SCV  
  37  3:24  Siege Tank  
  40  3:34  Marine  
  40  3:39  Command Center  
  41  3:57  SCV  
  40  4:09  SCV  
  41  4:13  Barracks Tech Lab  
  44  4:17  Banshee  
  44  4:18  Cloaking Field  
  44  4:19  Barracks  
  44  4:20  Barracks  
  44  4:21  SCV  
  44  4:22  Factory Reactor  
  45  4:26  Supply Depot  
  45  4:35  SCV  
  45  4:37  Marine  
  47  4:40  Stimpack  
  47  4:47  SCV  
  48  4:55  Marine  
  50  5:00  SCV  
  50  5:01  SCV  
  51  5:13  Marine  
  46  5:19  SCV  
  45  5:21  Orbital Command  
  45  5:30  Marine  
  45  5:31  SCV  
  45  5:33  Barracks Reactor  
  45  5:35  Barracks Reactor  
  42  5:43  SCV  
  42  5:47  Barracks x2  
  42  5:48  Marine  
  42  5:49  SCV  
  45  5:55  SCV  
  46  5:58  Starport Reactor  
  46  5:59  Siege Tank  
  46  6:01  SCV  
  50  6:06  Marine  
  50  6:07  SCV  
  50  6:11  Refinery  
  52  6:13  Engineering Bay  
  52  6:15  SCV  
  53  6:19  Marine  
  53  6:20  Marine x3  
  53  6:24  Marine  
  53  6:25  SCV  
  59  6:28  SCV  
  59  6:29  Supply Depot  
  60  6:35  Barracks Reactor  
  60  6:36  Marine x2  
  60  6:37  Marine x2  
  64  6:40  Combat Shields, Medivac  
  66  6:48  Missile Turret  
  66  6:49  Missile Turret  
  66  6:51  SCV x2  
  66  6:53  Marine  
  66  6:54  Marine x2  
  70  6:58  Siege Tank  
  74  7:03  Supply Depot  
  74  7:08  SCV  
  75  7:09  SCV  
  75  7:11  Marine  
  77  7:21  SCV  
  77  7:22  Refinery  
  78  7:30  SCV  
  78  7:31  Command Center  
  78  7:34  Marine x3  
  78  7:35  Marine  
  83  7:40  Siege Tank  
  86  7:49  Supply Depot  
  86  7:52  Supply Depot  
  86  7:58  SCV x2  
  86  8:03  Marine x6  
  94  8:10  Marine x3  
  97  8:16  Siege Tank  
  96  8:21  Marine  
  90  8:32  Marine x8  
Show
View Real Time Build Order
Export as new Build Order

Jason Terran 

Build Orders: Reaper Expand, Bio Tank, MMM Bio 

Get SALT Encoding   

  12  0:01  SCV  
  13  0:13  SCV  
  14  0:17  Supply Depot  
  14  0:25  SCV  
  15  0:38  SCV  
  15  0:42  Barracks  
  16  0:45  Refinery  
  16  0:51  SCV  
  17  1:04  SCV  
  18  1:18  SCV  
  19  1:30  Reaper  
  19  1:31  Orbital Command  
  20  1:44  Command Center  
  20  1:55  Supply Depot  
  20  1:56  SCV  
  21  2:02  Reaper  
  22  2:09  SCV  
  22  2:12  Barracks  
  23  2:21  SCV  
  24  2:25  Factory  
  24  2:27  Refinery  
  24  2:36  SCV  
  25  2:42  Barracks Reactor  
  25  2:45  Bunker  
  25  2:47  Engineering Bay  
  25  2:51  SCV  
  26  2:59  Orbital Command  
  26  3:02  Barracks Tech Lab  
  26  3:16  SCV  
  27  3:22  Marine x2  
  27  3:24  Missile Turret  
  27  3:27  Cyclone  
  32  3:31  SCV  
  32  3:32  SCV  
  34  3:37  Missile Turret  
  34  3:45  SCV  
  35  3:49  Marine x2  
  35  3:51  Barracks Tech Lab  
  36  3:57  Starport  
  36  4:00  SCV  
  37  4:04  SCV  
  37  4:07  Siege Tank  
  37  4:09  Marine x2  
  42  4:11  Marine  
  42  4:12  SCV  
  42  4:16  SCV  
  45  4:22  Supply Depot  
  45  4:24  SCV  
  46  4:36  Supply Depot  
  46  4:38  Refinery  
  46  4:43  SCV, Viking, Marine x2  
  51  4:47  SCV  
  51  4:49  Marine  
  51  4:50  Stimpack  
  53  4:55  SCV  
  53  4:59  SCV  
  55  5:01  Marine x2  
  55  5:15  Marine  
  55  5:18  Viking  
  55  5:19  Marine  
  55  5:20  SCV  
  56  5:25  Siege Tank  
  59  5:33  SCV  
  60  5:37  SCV  
  60  5:38  Missile Turret, Marine  
  60  5:39  Marine  
  60  5:41  Marine  
  61  5:52  Command Center  
  61  5:58  SCV  
  61  6:01  Starport Reactor  
  62  6:05  SCV, Supply Depot  
  62  6:06  Supply Depot  
  62  6:10  SCV  
  62  6:11  Marine x2  
  65  6:13  Terran Infantry Weapons Level 1  
  65  6:17  SCV  
  67  6:21  Supply Depot, Marine  
  68  6:26  Siege Tank  
  68  6:28  SCV, Marine  
  68  6:29  SCV  
  74  6:39  Barracks  
  74  6:40  Barracks  
  74  6:41  Supply Depot  
  74  6:43  SCV  
  74  6:44  SCV  
  74  6:46  Medivac  
  78  6:49  Refinery  
  78  6:50  Medivac  
  78  6:52  Marine x2  
  82  6:57  SCV  
  82  6:58  Supply Depot  
  82  7:00  Marine  
  84  7:02  Combat Shields  
  84  7:05  SCV  
  85  7:09  Orbital Command  
  85  7:17  Marine  
  85  7:19  Marine x2  
  85  7:22  Siege Tank  
  91  7:23  SCV x2  
  91  7:26  Supply Depot  
  93  7:35  Barracks Reactor x2, SCV  
  93  7:36  Orbital Command  
  94  7:38  Marine x2  
  94  7:39  Marine  
  94  7:40  Supply Depot  
  97  7:46  SCV  
  97  7:47  SCV  
  99  7:52  Medivac x2  
  99  7:56  Marine x2  
  99  7:57  Marine  
  99  7:58  SCV  
  107  7:59  SCV  
  107  8:03  Missile Turret  
  105  8:09  SCV  
  105  8:11  SCV  
  105  8:12  Marine  
  107  8:13  SCV, Marine x2  
  97  8:22  Medivac x2  
  80  8:31  Marine x4  
  80  8:32  Marine x2  
  72  8:34  Marine  
Tags
 
Add a new tag
Caveats
  • Supply blocks, unpowered buildings, or Contaminate may cause inaccurate times.
  • Supply counts are checked every 10 seconds.